[Event "*** Titled Tuesday Blitz"]
[Site "Chess.com"]
[Date "2020.04.28"]
[Round "1"]
[White "northridgehawk"]
[Black "Chepaschess"]
[Result "0-1"]
[WhiteElo "2304"]
[BlackElo "2630"]
[TimeControl "180+1"]
[EndTime "10:08:08 PDT"]
[Termination "Chepaschess won by resignation"]

1. e4 c5 2. Nf3 d6 3. d4 cxd4 4. Nxd4 Nf6 5. Nc3 a6 6. h3 e5 7. Nde2 h5 8. g3 Be6 9. Bg2 b5 10. O-O Nbd7 11. Be3 Be7 12. Nd5 Nxd5 13. exd5 Bf5 14.
c3 O-O 15. f4 Bh7 16. f5 Bg5 17. Qd2 Bxe3+ 18. Qxe3 Qb6 19. Qxb6 Nxb6 20. g4 hxg4 21. hxg4 Nc4 22. g5 Ne3 23. Be4 Nxf1 24. Rxf1 g6 25. f6 Rfc8 26. b3 a5 27. Bd3 Rc5 28. Be4 Rac8 29.
Rc1 Kf8 30. Kf2 Ke8 31. Ke3 Kd7 32. Kd3 Kc7 33. Rh1 Bg8 34. Rh3 Kb6 35. Re3 a4 36. Kc2 axb3+ 37. axb3 b4 38. c4 Ra5 39. Kb2 Rca8 40.
Nc1 Ra1 41. Bb1 R1a7 42. Nd3 Ka5 43. Bc2 Re8 44. Re1 e4 45. Ra1+ Kb6 46. Rxa7 Kxa7 47. Nxb4 e3 48. Nd3 e2 49. Ne1 Re5 50. Kc3 Rxg5 51. Bd3 Rg1 52. Kd2 Rf1 53. Bxe2 Rxf6 54. b4 Rf4 55. Nd3 Rxc4 56. Ne5 Rd4+ 57. Ke3 dxe5 0-1

[Event "*** Titled Tuesday Blitz"]
[Site "Chess.com"]
[Date "2020.04.28"]
[Round "1"]
[White "jguerramzllo"]
[Black "Lysiak_Poltorak"]
[Result "1-0"]
[WhiteElo "2624"]
[BlackElo "2300"]
[TimeControl "180+1"]
[EndTime "10:08:08 PDT"]
[Termination "jguerramzllo won by resignation"]

1. e4 c5 2. Nf3 d6 3. d4 cxd4 4. Nxd4 Nf6 5. Nc3 g6 6. Be3 Bg7 7. f3 O-O 8. Qd2 Nc6 9. g4 Be6 10. O-O-O Qa5 11. Kb1 Rac8 12. a3 Nxd4 13. Bxd4 Rfd8 14.
g5 Nd7 15. Nd5 Qxd2 16. Rxd2 Bxd5 17. exd5 Ne5 18. Be2 Nc4 19. Bxc4 Rxc4 20. Bxa7 b5 21. Re1 Be5 22. Re4 Rdc8 23. Bd4 f5 24. gxf6 exf6 25.
Bxe5 fxe5 26. c3 Rf8 27. Rxc4 bxc4 28. Re2 Rxf3 29. Re4 Rf4 30. Re2 Kf7 31. b3 cxb3 32. Kb2 e4 33. Kxb3 Kf6 34. a4 Ke5 35. c4 Kd4 36. a5 e3 37. a6 Rf8 38. Kb4 Kd3 39. Re1 Rb8+ 40. Ka5 Kd2 41. Ra1 e2 42. a7 Rc8 43.
Kb6 e1=Q 44. Rxe1 Kxe1 45. Kb7 Re8 46. a8=Q Rxa8 47. Kxa8 Kf2 48. c5 dxc5 49. d6 Kg2 50.
d7 Kxh2 51. d8=Q h5 52. Qh4+ Kg2 53. Qg5+ Kf3 54. Qxg6 h4 55. Qc6+ Kf2 56. Qxc5+ Kg2 57. Qg5+ 1-0

[Event "*** Titled Tuesday Blitz"]
[Site "Chess.com"]
[Date "2020.04.28"]
[Round "1"]
[White "fidezivkovic"]
[Black "Jungle_Jaguar"]
[Result "0-1"]
[WhiteElo "2307"]
[BlackElo "2632"]
[TimeControl "180+1"]
[EndTime "10:08:09 PDT"]
[Termination "Jungle_Jaguar won on time"]

1. e4 e5 2. Nf3 Nc6 3. Bb5 a6 4. Ba4 Nf6 5. O-O Be7 6. Re1 b5 7. Bb3 d6 8. c3 O-O 9. h3 Na5 10. Bc2 c5 11. d4 Qc7 12. Nbd2 Bb7 13. d5 Bc8 14. Nf1 Ne8 15. Ng3 g6 16. Bh6 Ng7 17.
a4 Bd7 18. Nd2 Rfe8 19. Qe2 Nb7 20. Ra2 c4 21. Rea1 Rab8 22. axb5 axb5 23. Ra7 Qc8 24. f4 exf4 25. Bxf4 Bf6 26. Rf1 Be5 27. Bxe5 Rxe5 28.
Qf2 Qc5 29. Qxc5 Nxc5 30. Rfa1 Ree8 31. Kf2 h5 32. b4 cxb3 33. Nxb3 Nxb3 34. Bxb3 Rbd8 35.
Rc7 h4 36. Ne2 Rxe4 37. Raa7 Be8 38. Nd4 b4 39. Bc2 Re5 40. Nf3 Rxd5 41. Bb3 Rf5 42. cxb4 d5 43. Ke3 Ne6 44. Re7 d4+ 45. Kd2 Rf6 46.
Bxe6 Rxe6 47. Rxe6 fxe6 48. Nxh4 e5 49. Re7 Rb8 50.
Rxe5 Bf7 51. Re4 Rxb4 0-1

[Event "*** Titled Tuesday Blitz"]
[Site "Chess.com"]
[Date "2020.04.28"]
[Round "1"]
[White "Gloomy_Wanderer"]
[Black "keepitcool9499"]
[Result "0-1"]
[WhiteElo "2813"]
[BlackElo "2446"]
[TimeControl "180+1"]
[EndTime "10:08:10 PDT"]
[Termination "keepitcool9499 won by resignation"]

1. d4 e6 2. c4 d5 3. Nf3 Nf6 4. g3 Be7 5. Bg2 O-O 6. O-O Nbd7 7. Qc2 c6 8. Nbd2 b6 9. e4 dxe4 10. Nxe4 Bb7 11. Re1 c5 12. Nxf6+ Nxf6 13. Rd1 Qc8 14.
Qe2 cxd4 15. Nxd4 Bxg2 16. Kxg2 Bc5 17. Be3 Bxd4 18. Bxd4 Qc6+ 19. Qf3 Qxf3+ 20. Kxf3 Rfd8 21. Bxf6 gxf6 22. Rac1 Rac8 23. b3 Kf8 24. Ke2 Ke7 25.
Rxd8 Rxd8 26. g4 h5 27. gxh5 Rh8 28. Rc3 Rxh5 29. h3 a5 30. Rd3 Re5+ 31. Re3 Rh5 32. a3 Kd6 33. Kd3 Rh4 34. b4 axb4 35. axb4 Rf4 36.
Kc3 Rxf2 37. Rd3+ Kc6 38. Rg3 f5 39. Kd3 e5 40. Kc3 f4 41. b5+ Kd7 42. Rd3+ Kc7 43. Kb4 e4 44. Rd5 e3 45. Re5 e2 46. c5 bxc5+ 47. Kxc5 f3 48. b6+ Kd7 49. Rd5+ Ke6 50. Rd8 Kf6 51. Re8 Rf1 52. b7 Rb1 53. Kc6 f2 54.
Rxe2 f1=Q 55. Re3 Qb5+ 56. Kd6 Qb6+ 57. Kd7 Qxe3 58. b8=Q Rxb8 59. Kc7 Qa7+ 60. Kc6 Rb6+ 61. Kc5 Qa5+ 0-1

[Event "*** Titled Tuesday Blitz"]
[Site "Chess.com"]
[Date "2020.04.28"]
[Round "1"]
[White "atalz0"]
[Black "MikaelyanArman"]
[Result "1-0"]
[WhiteElo "2428"]
[BlackElo "2752"]
[TimeControl "180+1"]
[EndTime "10:08:10 PDT"]
[Termination "atalz0 won on time"]

1. d4 d5 2. c4 c6 3. cxd5 cxd5 4. Bf4 Nf6 5. e3 Nc6 6. Nc3 Bf5 7. Qb3 Na5 8. Bb5+ Bd7 9. Qa4 e6 10. Nf3 a6 11.
Bxd7+ Nxd7 12. O-O Be7 13. Rfc1 b5 14. Qd1 Rc8 15. a4 b4 16. Ne2 Nc6 17. Qd3 Qb6 18. a5 Qb7 19. Qb3 O-O 20. Qa4 Nf6 21. h3 Ne4 22. Ng3 Nd6 23. b3 Nb5 24. Ne2 Bd8 25. Ne5 Nxe5 26. Bxe5 Be7 27. Rxc8 Rxc8 28. Rc1 Rxc1+ 29. Nxc1 f6 30. Bg3 Qc6 31. Qa1 Qc2 32.
Kh2 h6 33. h4 Kf7 34. f3 Nc3 35. Kh3 h5 36. Kh2 Nb5 37. Kh3 Na3 38. Kh2 Bd8 39.
e4 dxe4 40. d5 exd5 41. Qd4 Qd3 42. Qa7+ Be7 43. Nxd3 exd3 44. Qd4 Nb5 45. Qxd5+ Kf8 46. Qxd3 Nc3 47. Qc4 Nb5 48. Qc8+ Kf7 49. Qxa6 Na3 50. Qb6 Nc2 51. a6 Na3 52. a7 Nc2 53. a8=Q 1-0

[Event "*** Titled Tuesday Blitz"]
[Site "Chess.com"]
[Date "2020.04.28"]
[Round "1"]
[White "BakumanFM"]
[Black "jposthuma"]
[Result "0-1"]
[WhiteElo "2254"]
[BlackElo "2587"]
[TimeControl "180+1"]
[EndTime "10:08:10 PDT"]
[Termination "jposthuma won by resignation"]

1. e4 c6 2. d4 d5 3. Nc3 dxe4 4. Nxe4 Nf6 5. Nxf6+ gxf6 6. c3 Qd5 7. Qf3 Bf5 8.
Qxd5 cxd5 9. Nf3 Nc6 10. Bf4 e6 11. O-O-O Rc8 12. Bd3 Bxd3 13. Rxd3 Rg8 14. g3 b5 15. Kb1 Kd7 16. b3 a5 17. Kb2 a4 18. Rd2 axb3 19.
axb3 b4 20. Rc2 bxc3+ 21. Rxc3 Bb4 22. Rc2 Ra8 23. Ra1 Rxa1 24. Kxa1 Ra8+ 25. Kb1 Ra3 26. Kb2 Na5 27. Rc7+ Kd8 28. Kc2 Rxb3 29. Nd2 Bxd2 30. Kxd2 e5 31. Rxf7 exf4 32. Rxf6 Nc4+ 33. Ke2 Rb2+ 34.
Kf3 fxg3 35. hxg3 Rd2 36. Rh6 Rd3+ 37. Ke2 Rd2+ 38. Kf3 Rd3+ 39. Ke2 Rxd4 40. Rxh7 Re4+ 41. Kd3 Re7 42. Rxe7 Kxe7 43. Kd4 Kd6 44. f4 Na5 45. f5 Nc6+ 46. Ke3 Ke5 47. g4 d4+ 48. Kd3 Nb4+ 49. Kc4 d3 50. Kc3 Kf6 51. Kd2 Kg5 52. Kc3 Kf6 53. Kd2 Ke5 54. Kc3 Ke4 55. Kd2 Nd5 56. Kd1 Ne3+ 57. Kd2 Nxg4 58. f6 Nxf6 0-1

[Event "*** Titled Tuesday Blitz"]
[Site "Chess.com"]
[Date "2020.04.28"]
[Round "1"]
[White "vaishali2001"]
[Black "Andreikka"]
[Result "0-1"]
[WhiteElo "2463"]
[BlackElo "2973"]
[TimeControl "180+1"]
[EndTime "10:08:12 PDT"]
[Termination "Andreikka won on time"]

1. e4 e5 2. Nf3 Nc6 3. Bb5 a6 4.
Ba4 Nf6 5. d3 b5 6. Bb3 Bc5 7.
Nc3 d6 8. a3 h6 9. Nd5 Be6 10.
Be3 Bxe3 11. fxe3 O-O 12. O-O Nd7 13. Qe1 Ne7 14. Nh4 Bxd5 15. exd5 g6 16. e4 Kg7 17.
Qg3 Nc5 18. Rf2 Ng8 19. Raf1 Qg5 20. Qh3 Rad8 21. Nf3 Qe7 22. Ba2 Nf6 23. Nh4 Nh7 24.
Qg3 Ng5 25. b4 Na4 26. Bb3 Nb6 27. Nf3 Nxf3+ 28. Rxf3 Qg5 29. Qf2 Rd7 30. c4 Qd8 31.
c5 Nc8 32. c6 Re7 33. a4 bxa4 34. Bxa4 Nb6 35. Bb3 Qa8 36. h4 a5 37. Ra1 a4 38.
Bc4 Qb8 39. Qd2 f5 40. exf5 Rxf5 41. Rxf5 gxf5 42. Rf1 Rf7 43. Qe3 f4 44. Qe4 Nxc4 45. Qxc4 Qb6+ 46. Kh1 Qe3 47. b5 Qe2 48. Rg1 Qf2 49.
Ra1 f3 0-1

[Event "*** Titled Tuesday Blitz"]
[Site "Chess.com"]
[Date "2020.04.28"]
[Round "1"]
[White "IMDT02"]
[Black "GMNeiksans"]
[Result "1-0"]
[WhiteElo "2449"]
[BlackElo "2818"]
[TimeControl "180+1"]
[EndTime "10:08:12 PDT"]
[Termination "IMDT02 won by checkmate"]

1. d4 Nf6 2. c4 e6 3. Nc3 Bb4 4. e3 O-O 5. Ne2 Re8 6. a3 Bf8 7. d5 a5 8. g3 Na6 9. Bg2 Nc5 10.
b3 exd5 11. cxd5 b6 12. O-O g6 13. Qc2 Bg7 14. Rd1 Ba6 15. Bb2 Nb7 16. Rac1 Nd6 17. a4 Nb7 18. Nd4 Nc5 19. Ndb5 d6 20. Ne2 Bxb5 21. axb5 Ng4 22. Bxg7 Kxg7 23. Nd4 Qf6 24. h3 Ne5 25. f4 Ned7 26. e4 h5 27. h4 Kg8 28. Nc6 Qg7 29. Re1 Nf6 30. Bf3 Ng4 31. Bxg4 hxg4 32. e5 dxe5 33. fxe5 g5 34. h5 Qh6 35. Qf5 Qxh5 36. e6 Qg6 37. exf7+ Qxf7 38.
Qxg5+ Qg7 39. Ne7+ Kh7 40. Qh5+ Qh6 41. Qf7+ Qg7 42.
Qf5+ Kh8 43. Ng6+ Kg8 44. Rf1 Qd4+ 45. Kh2 Qd2+ 46. Kh1 Qh6+ 47. Kg1 Qe3+ 48. Kh1 Qh6+ 49. Nh4 Rf8 50. Qxg4+ Kh7 51. Rce1 Rxf1+ 52. Rxf1 Rf8 53. Rxf8 Qxf8 54. Qg6+ Kh8 55. Nf5 Qg8 56. Qf6+ Kh7 57. Qh6# 1-0

[Event "*** Titled Tuesday Blitz"]
[Site "Chess.com"]
[Date "2020.04.28"]
[Round "1"]
[White "marianokar"]
[Black "Incognito_Knight"]
[Result "1-0"]
[WhiteElo "2356"]
[BlackElo "2653"]
[TimeControl "180+1"]
[EndTime "10:08:13 PDT"]
[Termination "marianokar won by checkmate"]

1. e4 c5 2. Nf3 e6 3. d3 Nc6 4. g3 g6 5. Bg2 Bg7 6. O-O Nge7 7.
c3 d5 8. Re1 O-O 9. e5 b5 10.
d4 Qb6 11. dxc5 Qc7 12. Bf4 a5 13. Nbd2 Bb7 14. Rb1 Rfd8 15. Nb3 Nb8 16. Nbd4 Qxc5 17.
Be3 Qc8 18. Nxb5 Nf5 19. Bg5 Rd7 20. g4 Ne7 21. Nd6 Qf8 22. Nxb7 Rxb7 23. Nd4 Nd7 24. Bf4 Rc8 25. Qe2 Bh6 26. Bg3 g5 27. Rec1 Ng6 28.
c4 Rbc7 29. b3 Nf4 30. Bxf4 gxf4 31. Nb5 Rc5 32. Nd6 R8c7 33. Rd1 dxc4 34. Nxc4 Qg7 35. Rd3 Bg5 36. Rbd1 Nf8 37. h3 Bh4 38. Bf3 Bg5 39. Kg2 h6 40. Qe4 Ng6 41. Kf1 Kh7 42. Rd7 Rxd7 43. Rxd7 Kh8 44. Qb7 Nxe5 45. Nxe5 Qxe5 46. Rxf7 Rc1+ 47. Kg2 Qc5 48. Rh7+ Kg8 49. Qf7# 1-0

[Event "*** Titled Tuesday Blitz"]
[Site "Chess.com"]
[Date "2020.04.28"]
[Round "1"]
[White "Xeniya2005"]
[Black "Paladin61"]
[Result "0-1"]
[WhiteElo "2259"]
[BlackElo "2592"]
[TimeControl "180+1"]
[EndTime "10:08:13 PDT"]
[Termination "Paladin61 won by resignation"]

1. e4 c5 2. Nf3 d6 3. d4 cxd4 4. Nxd4 Nf6 5. Nc3 a6 6. Nb3 Nbd7 7. g4 h6 8. Bg2 b5 9. h3 Bb7 10. Qe2 g5 11. O-O Ne5 12. f4 gxf4 13. Bxf4 e6 14. Bxe5 dxe5 15. Rad1 Qb6+ 16. Kh2 Be7 17. Qf3 Rg8 18.
Qg3 Qc7 19. a3 Rd8 20. Rxd8+ Kxd8 21. Qe3 Rg6 22. Rd1+ Ke8 23. Qd3 h5 24. gxh5 Nxh5 25. Ne2 f5 26. Rg1 Rxg2+ 27. Rxg2 Bxe4 28. Qd2 Bxg2 29.
Kxg2 Qc6+ 30. Kh2 Qf3 31. Ng1 Qg3+ 32. Kh1 Nf4 33. Qh2 Qe1 34. Qd2 Qe4+ 35. Kh2 Nd5 36. Qd3 Qf4+ 37. Kh1 e4 38. Qe2 Qe5 39. c3 Nf4 40.
Qe3 Bd6 41. Nd4 Nh5 42. Qf2 Ng3+ 43. Kg2 Kd7 44. Nge2 Nxe2 45. Nxe2 f4 46. Kf1 f3 47.
Ng1 Bc5 48. Qd2+ Kc7 49. Qd1 Qg3 0-1

[Event "*** Titled Tuesday Blitz"]
[Site "Chess.com"]
[Date "2020.04.28"]
[Round "1"]
[White "Corpescador"]
[Black "Aygehovit1992"]
[Result "1-0"]
[WhiteElo "2363"]
[BlackElo "2669"]
[TimeControl "180+1"]
[EndTime "10:08:14 PDT"]
[Termination "Corpescador won by checkmate"]

1. e4 d6 2. d4 g6 3. Nc3 Bg7 4. Be3 c6 5. Nf3 Nf6 6. h3 O-O 7. a4 Qc7 8. a5 e5 9. dxe5 dxe5 10. Bc4 Nbd7 11. O-O Nh5 12. Nd2 Nf4 13. Re1 b5 14.
axb6 Nxb6 15. Bf1 Be6 16. b3 Rfd8 17. Qc1 h5 18. Nf3 f6 19. Na4 Bf7 20. Nc5 Ne6 21. Nxe6 Bxe6 22. Ra6 c5 23. c4 Bf7 24. Qa3 Bf8 25. Ra1 Rd7 26. Nd2 f5 27. exf5 gxf5 28. Nf3 f4 29. Bc1 e4 30. Ng5 Bg7 31. Bb2 Bxb2 32.
Qxb2 Rd4 33. Nxf7 Kxf7 34. b4 Nd7 35. bxc5 Qxc5 36. R1a5 Rb8 37. Qa1 Qe7 38. Qxd4 Rb1 39. Rxa7 e3 40. Rxd7 e2 41. Rxe7+ Kxe7 42. Qe4+ Kd6 43.
Qxb1 Kc7 44. Qe1 exf1=Q+ 45. Qxf1 f3 46. Qe2 Kb6 47. Qxf3 Kxa5 48. Qxh5+ Kb4 49. Qd5 Kc3 50. Qb5 Kd4 51. c5 Ke4 52. c6 Kf4 53. c7 Ke4 54. Qd7 Ke5 55. c8=Q Kf6 56. Qc4 Kg5 57. Qdd5+ Kf6 58. Qcc6+ Ke7 59. Qdd7+ Kf8 60. Qcc8# 1-0

[Event "*** Titled Tuesday Blitz"]
[Site "Chess.com"]
[Date "2020.04.28"]
[Round "1"]
[White "Barcelona_Guy"]
[Black "Kopytkin"]
[Result "1/2-1/2"]
[WhiteElo "2705"]
[BlackElo "2386"]
[TimeControl "180+1"]
[EndTime "10:08:15 PDT"]
[Termination "Game drawn - insufficient material"]

1. e4 Nf6 2. e5 Nd5 3. Nf3 d6 4. d4 g6 5. Be2 Bg7 6. O-O O-O 7. Re1 Nc6 8. exd6 cxd6 9. h3 e5 10. c4 Nb6 11. Be3 e4 12. Nh2 f5 13. Qd2 d5 14.
Na3 Be6 15. c5 Nc4 16. Nxc4 dxc4 17. Rac1 Nxd4 18. Bxc4 Bxc4 19. Rxc4 Nc6 20. Qe2 Qf6 21. Bf4 Rad8 22. Bd6 Rfe8 23. Nf1 Ne5 24. Bxe5 Qxe5 25. Ne3 h5 26. c6 bxc6 27. Rxc6 Kh7 28. b4 Rd7 29.
Qa6 Red8 30. Rxg6 f4 31. Nc4 Qf5 32. Re6 e3 33. fxe3 f3 34. Rf1 Rd1 35. Nd6 f2+ 36. Kh2 R8xd6 37. Rxd6 Rxf1 38. Qxf1 Qe5+ 39. g3 Qxd6 40.
Qxf2 Qf6 41. Qc2+ Kh6 42. Kg2 Qb2 43. Qxb2 Bxb2 44. a4 Kg6 45. b5 Bc3 46. Kf3 Kf5 47.
e4+ Ke5 48. Ke3 Bd4+ 49. Kd3 Bb6 50. g4 hxg4 51. hxg4 Kf4 52. Kc4 Kxe4 53. g5 Kf5 54.
Kd5 Kxg5 55. Kc6 Kf5 56. Kb7 Ke5 57. Ka6 Kd5 58. a5 Bd4 59. Kb7 Kc4 60. b6 axb6 61. axb6 Kb5 62. Kc8 Bxb6 1/2-1/2

[Event "*** Titled Tuesday Blitz"]
[Site "Chess.com"]
[Date "2020.04.28"]
[Round "1"]
[White "stasiek18"]
[Black "Bubi6"]
[Result "1-0"]
[WhiteElo "2350"]
[BlackElo "2642"]
[TimeControl "180+1"]
[EndTime "10:08:15 PDT"]
[Termination "stasiek18 won by resignation"]

1. d4 c5 2. d5 e6 3. e4 exd5 4. exd5 d6 5. Bd3 Ne7 6. c4 Ng6 7. Nc3 Be7 8. h3 O-O 9. Nf3 a6 10. O-O Nd7 11. Re1 Nde5 12. Bf1 Bf5 13. Nxe5 Nxe5 14.
Bf4 Bf6 15. Qb3 Rb8 16. a4 Re8 17. Re3 Bg5 18. Bxg5 Qxg5 19. Qb6 Qg6 20. Kh2 Red8 21. Rae1 Nd7 22. Qb3 Ne5 23. a5 h5 24. Qb6 Nd7 25.
Qb3 Nf6 26. Re7 Rd7 27. Qb6 Rbd8 28. Qb3 h4 29. Na4 Qg5 30. R7e3 Qf4+ 31. Kg1 Rb8 32. Rf3 Qg5 33. Qe3 Qg6 34. Nb6 Rdd8 35. Qf4 Qh5 36. Qxf5 Qxf5 37. Rxf5 Re8 38. Rxe8+ Rxe8 39. Rf3 Re1 40. Re3 Ra1 41. Nc8 Rxa5 42. Nxd6 Ra1 43. Nxb7 Nd7 44. Re7 Nb6 45. d6 Rd1 46. Rc7 Kh7 47.
Rxc5 Nd7 48. Rc7 Ne5 49. c5 Nd3 50. Rxf7 Nf4 51. g3 Rc1 52. gxf4 Rd1 53. d7 Rd4 54. d8=Q Rxd8 55. Nxd8 Kg6 56. Ra7 Kf6 57. c6 Kf5 58. c7 Ke4 59. c8=Q Kxf4 60. Qe6 1-0

[Event "*** Titled Tuesday Blitz"]
[Site "Chess.com"]
[Date "2020.04.28"]
[Round "1"]
[White "WiktoriaPOL"]
[Black "DanielRensch"]
[Result "0-1"]
[WhiteElo "2047"]
[BlackElo "2496"]
[TimeControl "180+1"]
[EndTime "10:08:15 PDT"]
[Termination "DanielRensch won on time"]

1. c4 Nf6 2. Nc3 e6 3. e4 d5 4. e5 d4 5. exf6 dxc3 6. bxc3 Qxf6 7. Nf3 Nd7 8. d4 h6 9. Bd3 c6 10. O-O Bd6 11. Qe2 O-O 12. Rb1 Re8 13. Be3 e5 14.
Qc2 b6 15. Nd2 exd4 16. cxd4 Bf4 17. Ne4 Rxe4 18. Bxe4 Bb7 19. Bxf4 Qxf4 20. Rbe1 Rd8 21. Qe2 Nf6 22. Bb1 g6 23. Qe5 Qxd4 24. Qxd4 Rxd4 25. Rc1 Ba6 26. Rfd1 Rxd1+ 27. Rxd1 Bxc4 28. Rd6 Nd5 29. Rxc6 b5 30. a3 a5 31. Rc5 Nb6 32. f4 a4 33.
Kf2 Kf8 34. Ke3 Ke7 35. Kd4 Nd7 36. Rc8 Kd6 37. Bd3 Bxd3 38. Kxd3 Nb6 39. Rc1 Kd5 40. Kc3 Kc5 41. g3 Nc4 42. Ra1 Nxa3 43. Kb2 Nc4+ 44. Kc2 Kb4 45. Rb1+ Kc5 46. Ra1 a3 47. Kb3 f5 48.
Ra2 g5 49. Ra1 g4 50. Ra2 h5 51. Ra1 Kd4 52. Rd1+ Ke4 53. Rf1 Ne3 54. Re1 Kf3 55. Rc1 Kg2 56. Kxa3 Kxh2 57. Rc3 Nf1 58. Kb4 Nxg3 59.
Kxb5 h4 60. Kc4 Ne4 61. Kd3 Nxc3 62. Kxc3 g3 0-1

[Event "*** Titled Tuesday Blitz"]
[Site "Chess.com"]
[Date "2020.04.28"]
[Round "1"]
[White "VinzentSpitzl"]
[Black "GMStefanova"]
[Result "1-0"]
[WhiteElo "2378"]
[BlackElo "2653"]
[TimeControl "180+1"]
[EndTime "10:08:16 PDT"]
[Termination "VinzentSpitzl won by resignation"]

1. e4 e5 2. Nf3 Nc6 3. Bb5 a6 4. Ba4 g6 5. O-O Bg7 6. c3 b5 7. Bc2 Nge7 8. d4 exd4 9. cxd4 d6 10. Nc3 O-O 11. Bf4 Bg4 12. d5 Nd4 13. Qd3 Nxf3+ 14. gxf3 Bh3 15. Rfe1 Nc8 16. Bg3 Nb6 17. f4 Nd7 18.
Rad1 Re8 19. Ne2 Nc5 20. Qe3 h5 21. Nd4 Bxd4 22. Qxd4 h4 23. e5 hxg3 24. hxg3 Qd7 25. b4 Na4 26. e6 fxe6 27. Bxg6 Qg7 28. Qxg7+ Kxg7 29. Bxe8 Rxe8 30. dxe6 Rxe6 31. f3 Bf5 32. g4 Rxe1+ 33. Rxe1 Bd3 34. Re7+ Kf6 35. Rxc7 Bc4 36. Rc6 Nc3 37. Rxd6+ Ke7 38. Rxa6 Nxa2 39. f5 Nxb4 40.
Rb6 Nd5 41. Rb7+ Kf6 42. Kf2 b4 43. Kg3 Ke5 44. f4+ Nxf4 45. Rxb4 Ne2+ 46. Kf2 Kd4 47. Rxc4+ Kxc4 48. Kxe2 Kd5 49. Kf3 Ke5 50. Kg3 Kf6 51. Kf4 Kf7 52. g5 Kg7 53. Ke5 Kf7 54. g6+ Kg7 55.
Ke6 Kg8 56. f6 Kh8 57. g7+ Kg8 58. Ke7 Kh7 59. f7 Kxg7 60. f8=Q+ 1-0

[Event "*** Titled Tuesday Blitz"]
[Site "Chess.com"]
[Date "2020.04.28"]
[Round "1"]
[White "JulianProleiko"]
[Black "MoreChessJulia"]
[Result "1-0"]
[WhiteElo "2473"]
[BlackElo "1774"]
[TimeControl "180+1"]
[EndTime "10:08:16 PDT"]
[Termination "JulianProleiko won by checkmate"]

1. d4 c5 2. d5 b5 3. e4 a6 4. a4 b4 5. Nf3 d6 6. h3 g6 7. Bd3 Bg7 8. Nbd2 Nd7 9. a5 Ne5 10.
Nxe5 Bxe5 11. Nc4 Bg7 12. O-O Nf6 13. f4 O-O 14. Be3 e6 15. Qf3 exd5 16. exd5 Bb7 17. Nb6 Rb8 18. f5 Nd7 19. Nc4 Ne5 20. Nxe5 dxe5 21.
Be4 Qd6 22. c4 Rfe8 23. Rf2 Rbd8 24. b3 Rd7 25. Raf1 Qc7 26. f6 Bf8 27. Ra2 Qd8 28. h4 Bd6 29. h5 Bf8 30. Qh3 Rd6 31. g4 Rxf6 32. Rxf6 Qxf6 33. Rf2 Qd8 34. hxg6 hxg6 35. Rh2 Bg7 36. Qh7+ Kf8 37. Rf2 Qxa5 38. Bxg6 Re7 39.
Qh5 Qc7 40. Be4 Bc8 41. Bg5 Re8 42. Bf6 Bxf6 43. Rxf6 Rd8 44. Qh6+ Ke8 45. d6 Qd7 46. Qh8# 1-0

[Event "*** Titled Tuesday Blitz"]
[Site "Chess.com"]
[Date "2020.04.28"]
[Round "1"]
[White "violetflower04"]
[Black "talman67"]
[Result "0-1"]
[WhiteElo "2211"]
[BlackElo "2552"]
[TimeControl "180+1"]
[EndTime "10:08:17 PDT"]
[Termination "talman67 won by checkmate"]

1. b3 Nf6 2. Bb2 g6 3. Nf3 Bg7 4. c4 O-O 5. Nc3 c5 6. e3 d5 7. d4 cxd4 8. exd4 Bg4 9. Be2 Nc6 10. h3 Bf5 11. Ne5 dxc4 12. Nxc6 bxc6 13. bxc4 Rb8 14. Qd2 Qa5 15. Bf3 Qb4 16. Nd1 Qxc4 17. Ne3 Qd3 18. Nxf5 Qxd2+ 19. Kxd2 Rxb2+ 20. Kc3 Rxf2 21. Nxe7+ Kh8 22.
Nxc6 Rc8 23. Kd3 Rxf3+ 24. gxf3 Rxc6 25. Rac1 Rd6 26. Rc8+ Ng8 27. Rc7 Rxd4+ 28. Ke3 f5 29. Rxa7 Rb4 30. Rd1 Bh6+ 31. Kf2 Rb2+ 32. Kg3 f4+ 33.
Kh4 Rg2 34. Rd5 Bg7 35. Rxg7 Kxg7 36. Rg5 Rxg5 37. Kxg5 h6+ 38. Kxf4 Kf6 39. h4 Ne7 40.
Kg4 Nc6 41. h5 g5 42. f4 gxf4 43. Kxf4 Ke6 44. a3 Na5 45. Ke4 Kf6 46. Kd5 Kg5 47.
Kc5 Kxh5 48. Kb5 Kg4 49. Kxa5 h5 50. Kb6 h4 51. a4 h3 52. a5 h2 53. a6 h1=Q 54.
a7 Qa8 55. Ka6 Kf5 56. Kb6 Ke6 57. Ka6 Kd7 58. Kb6 Kc8 59. Ka6 Qb7+ 60. Ka5 Qxa7+ 61. Kb5 Kc7 62. Kc4 Qa5 63. Kb3 Kd6 64. Kc4 Qa4+ 65. Kc3 Kd5 66. Kb2 Qc4 67. Ka3 Qb5 68. Ka2 Kc4 69. Ka3 Kc3 70. Ka2 Qb2# 0-1

[Event "*** Titled Tuesday Blitz"]
[Site "Chess.com"]
[Date "2020.04.28"]
[Round "1"]
[White "SanQui14"]
[Black "bancsoo"]
[Result "0-1"]
[WhiteElo "2325"]
[BlackElo "2651"]
[TimeControl "180+1"]
[EndTime "10:08:18 PDT"]
[Termination "bancsoo won by resignation"]

1. d4 d5 2. Bf4 e6 3. e3 Nf6 4.
h3 c5 5. c3 Qb6 6. Qb3 Nc6 7. Nd2 Be7 8. Ngf3 O-O 9. Be2 Bd7 10.
O-O Rfd8 11. Qxb6 axb6 12. Bc7 Rdc8 13. Bxb6 c4 14. b4 Be8 15. a4 Nd7 16. Bc5 Nxc5 17. dxc5 f5 18. Nd4 Bd7 19. N2f3 Bf6 20. Bd1 g5 21.
Bc2 h5 22. Nd2 f4 23. Bg6 e5 24. Nxc6 Bxc6 25. Bxh5 Bxa4 26. Bg4 Rd8 27. Ra3 Be8 28. Rfa1 Rxa3 29. Rxa3 e4 30. Kf1 Kf8 31. Ke2 Bf7 32. Kd1 Rb8 33. Kc2 Ke7 34. Ra7 Kf8 35. Nb1 Be8 36. Be6 Bc6 37. Na3 Ke7 38. Bg4 Kd8 39. b5 Be8 40. Be6 Be7 41. Bxd5 Bxc5 42.
Ra4 fxe3 43. fxe3 Bxa3 44. Rxa3 Bxb5 45. Bxe4 Kc7 46. Ra5 Kb6 47. Ra1 Re8 48. Bf3 Rxe3 49. Rb1 Kc5 50. Bxb7 Ba4+ 51. Kd2 Rd3+ 52. Ke2 Rxc3 53.
Be4 Bc2 54. Bxc2 Rxc2+ 55. Kf3 c3 56. g4 Rd2 57. Ke3 Kc4 58. Rc1 Rd8 59. h4 gxh4 60. g5 h3 61. g6 Rg8 62. Rg1 c2 63. Kf4 Kb3 64. Kf5 Kb2 65. Kf6 c1=Q 66. Rxc1 Kxc1 0-1

[Event "*** Titled Tuesday Blitz"]
[Site "Chess.com"]
[Date "2020.04.28"]
[Round "1"]
[White "Angel_Hranitel_37"]
[Black "Kezin_Roman"]
[Result "1/2-1/2"]
[WhiteElo "2365"]
[BlackElo "2686"]
[TimeControl "180+1"]
[EndTime "10:08:20 PDT"]
[Termination "Game drawn by repetition"]

1. d4 d5 2. c4 e6 3. Nf3 Nf6 4. g3 Be7 5. Bg2 O-O 6. O-O dxc4 7. Ne5 c5 8. dxc5 Qc7 9. Nxc4 Qxc5 10. b3 Rd8 11. Nbd2 Nc6 12. Ba3 Nb4 13. Rc1 Qh5 14. e4 Qxd1 15. Rfxd1 Bd7 16. Ne3 Bc6 17. e5 Nfd5 18.
Nxd5 Nxd5 19. Bxe7 Nxe7 20. Ne4 Nf5 21. Nd6 Bxg2 22. Kxg2 Nxd6 23. exd6 Rd7 24. Rc7 Rad8 25. Rd4 g6 26. Rb4 b6 27. Ra4 a5 28. Rxd7 Rxd7 29. Rd4 Kg7 30. Kf3 Kf6 31. Ke4 e5 32. Rd5 Ke6 33. Rxe5+ Kxd6 34. Rd5+ Ke6 35. Rxd7 Kxd7 36.
Kd5 h5 37. h3 Kc7 38. g4 hxg4 39. hxg4 Kd7 40. g5 Kc7 41. Ke5 Kd7 42. Kf6 Ke8 43. f4 Kf8 44. Ke5 Ke7 45. a3 Kd7 46. Kd5 Kc7 47.
Ke5 Kd7 48. Kf6 Ke8 49. Ke5 Ke7 50. Kd5 Kd7 51. Ke5 Ke7 52. Kd5 Kd7 53. Ke5 Ke7 1/2-1/2

[Event "*** Titled Tuesday Blitz"]
[Site "Chess.com"]
[Date "2020.04.28"]
[Round "1"]
[White "Blitzstream"]
[Black "Gvetadze"]
[Result "1-0"]
[WhiteElo "2704"]
[BlackElo "2364"]
[TimeControl "180+1"]
[EndTime "10:08:21 PDT"]
[Termination "Blitzstream won by checkmate"]

1. d4 Nf6 2. Bg5 g6 3. Bxf6 exf6 4. c4 Bg7 5. Nc3 d6 6. g3 O-O 7.
Bg2 Nd7 8. e3 f5 9. Nge2 Nf6 10.
O-O h5 11. b4 Ng4 12. h3 Nf6 13. h4 Ng4 14. Nf4 Bf6 15. Ncd5 Bg7 16. b5 a6 17. a4 axb5 18. axb5 Rxa1 19. Qxa1 c6 20. Nc3 c5 21. Ncd5 cxd4 22. exd4 Re8 23. Bf3 Be6 24.
Re1 Kh7 25. Qc3 Bxd5 26. Rxe8 Qxe8 27. Nxd5 Qa8 28. Bxg4 hxg4 29. Kg2 Qa2 30. Nb4 Qe2 31. Nc2 Qe4+ 32. Kg1 f4 33. gxf4 Qxf4 34. Qe3 Qf5 35. Ne1 Qf6 36. Kg2 Qxh4 37. Nd3 Qf6 38. d5 Qc3 39. c5 dxc5 40. Nxc5 Qc4 41. Ne4 Qxd5 42. Kg3 Kg8 43. Ng5 Be5+ 44. Kxg4 Qg2+ 45. Kh4 Qh2+ 46.
Nh3 f5 47. Qg5 Kg7 48. Qe7+ Kh6 49. Qg5+ Kh7 50. Qe7+ Bg7 51. f4 Qh1 52. Kg3 Qd5 53. Ng5+ Kh6 54. Nf7+ Kh7 55. Ng5+ Kh8 56. Nf7+ Kg8 57.
Qe8+ Bf8 58. Ng5 Qd3+ 59. Kh4 Qd6 60. Qf7+ Kh8 61. Qh7# 1-0